 Dungeon Crawl Stone Soup version 0.14-b1-21-g62f6471 (webtiles) character file.

212 tkappleton the Archer (level 4, -1/35 HPs)
             Began as a Centaur Hunter on Apr 5, 2014.
             Killed from afar by an orc wizard (6 damage)
             ... with a puff of flame
             ... on Level 3 of the Dungeon.
             The game lasted 00:14:10 (2625 turns).

tkappleton the Archer (Centaur Hunter)              Turns: 2625, Time: 00:14:10

HP  -1/35        AC  4     Str 15      XL: 4   Next: 75%
MP   3/3         EV  9     Int 10      God:
Gold 92          SH  0     Dex 10      Spells:  0 memorised,  3 levels left

rFire  . . .     SeeInvis .     b - +1 bow
rCold  . . .     Clarity  .     x - +0 leather armour
rNeg   . . .     Conserve .     (no shield)
rPois  .         rCorr    .     (no helmet)
rElec  .         rRot     .     (no cloak)
SustAb . .       Spirit   .     (no gloves)
rMut   .         Warding  .     (no barding)
Saprov . . .     Stasis   .     (no amulet)
MR     .....                    (no ring)
                                (no ring)

@: very quick, not resistant to hostile enchantments, extremely unstealthy
A: hooves 3, deformed body, herbivore 1, speed 2, fast metabolism 1, tough skin
3
a: no special abilities


You were on level 3 of the Dungeon.
You were hungry.

You visited 1 branch of the dungeon, and saw 3 of its levels.

You collected 92 gold pieces.

Inventory:

Hand weapons
 a - a +0,+0 short sword
 b - a +1,+1 bow (weapon)
 c - a +0,+0 club
 i - a +0,+0 dagger
 j - a +0,+0 club
 m - a +0,+0 club
 n - a +0,+0 dagger
 p - a +0,+0 dagger
 y - a +0,+0 club
 E - a +0,+0 club
Missiles
 e - 86 stones
 h - 6 darts
 F - 19 arrows (quivered)
Armour
 d - a +0 leather armour
 o - a +0 leather armour
 x - a +0 leather armour (worn)
Magical devices
 D - a wand of flame (18)
Comestibles
 f - 4 bread rations
 g - 2 meat rations
 v - a royal jelly
Scrolls
 k - a scroll of fear {unknown}
 s - 3 scrolls of remove curse {unknown}
 u - 4 scrolls of identify {unknown}
 A - a scroll of enchant weapon I {unknown}
 C - 2 scrolls of amnesia {unknown}
Jewellery
 t - an uncursed amulet of warding {unknown}
Potions
 l - 2 potions of might {unknown}
 q - 2 potions of brilliance {unknown}
 r - a potion of magic {unknown}
 w - a potion of curing {unknown}
 z - a potion of poison {unknown}
 B - a potion of confusion {unknown}
 G - a potion of flight {unknown}


   Skills:
 - Level 1.0 Fighting
 + Level 8.1 Bows
 - Level 1.3 Dodging
 - Level 0.5 Stealth


You had 3 spell levels left.
You didn't know any spells.

Dungeon Overview and Level Annotations

Branches:
Dungeon (3/15)

Altars:

Annotations:
D:3 Malor's ghost, average MiFi


Innate Abilities, Weirdness & Mutations

You have hooves in place of feet.
Armour fits poorly on your strangely shaped body.
You digest meat inefficiently.
You cover ground very quickly.
You have a fast metabolism.
You have extremely tough skin (AC +3).


Message History

You shoot an arrow. The arrow hits Malor's ghost.
Malor's ghost is lightly damaged.
Malor's ghost stares at you.
You feel cold. The magic dart hits you!
Firing (i - inventory. (,) - cycle):
F - 21 arrows (quivered)
Press: ? - help, Shift-Dir - straight line, f/p - Malor's ghost
Aim: Malor's ghost (lightly damaged)
You shoot an arrow. The arrow hits Malor's ghost.
Malor's ghost is moderately damaged.
Firing (i - inventory. (,) - cycle):
F - 20 arrows (quivered)
Press: ? - help, Shift-Dir - straight line, f/p - Malor's ghost
Aim: Malor's ghost (moderately damaged)
You shoot an arrow. The arrow hits something.
The orc priest calls down the wrath of Beogh upon you.
Something smites you!
* * * LOW HITPOINT WARNING * * *
The puff of flame hits you!
One of your 3 scrolls labeled COUMENEGOZ catches fire!
You die...

#########################
....................%>..#
####................###.#
#................# #.#
#................# #.#
#................# #.#
#................###.#
#.######...........#.#
####.######.....@...#.#.#########
.................................
####.#########.#.##........######
#.# #.#.##........# #%#
#.#.##........#
#.#########.#p##........#
#........................ ..
###########.#o#.........## #
#.#(#.).^.<...# ###


You could see an orc priest and Malor's ghost.

Vanquished Creatures
  Ijyb (D:3)
  Jessica (D:2)
  2 adders (D:3)
  A giant mite (D:1)
  2 giant geckos
  3 orcs (D:3)
  A giant cockroach (D:1)
  7 goblins
  6 hobgoblins
  9 jackals
  5 kobolds
  5 bats
  5 giant newts
  5 rats
53 creatures vanquished.

Notes
Turn   | Place    | Note
--------------------------------------------------------------
     0 | D:1      | tkappleton, the Centaur Hunter, began the quest for the Orb.
     0 | D:1      | Reached XP level 1. HP: 16/16 MP: 1/1
   197 | D:1      | Reached XP level 2. HP: 21/23 MP: 2/2
   286 | D:1      | Reached skill level 6 in Bows
   565 | D:1      | Reached XP level 3. HP: 28/28 MP: 3/3
  1447 | D:2      | Noticed Jessica
  1453 | D:2      | Killed Jessica
  1453 | D:2      | Reached skill level 7 in Bows
  1770 | D:3      | Reached XP level 4. HP: 35/35 MP: 3/3
  1791 | D:3      | Noticed Ijyb
  1796 | D:3      | Killed Ijyb
  1814 | D:3      | Noticed Malor's ghost (average MiFi)
  2554 | D:3      | Reached skill level 8 in Bows
  2625 | D:3      | Killed from afar by an orc wizard

Action                   |  1- 3 |  4- 6 || total
-------------------------+-------+-------++-------
Melee: Short sword       |       |     8 ||     8
 Fire: Bow               |   102 |    40 ||   142
Throw: Stone             |       |    39 ||    39
